Map: [TLMC16] Tropical Sacrifice

Players

HeroMarine - Winner!

  • Race: Terran Terran
  • Spawn Location: 1:00

Kelazhur

  • Race: Terran Terran
  • Spawn Location: 7:00

Event: DreamHack SC2 Masters 2022 Valencia

VOD

Have the link to the VOD?

Description

Time

  • Played on: July 1, 2022, 2:58 p.m.
  • Length: 19:00

All games in this series

Show
View Real Time Build Order
Export as new Build Order

HeroMarine Terran - Winner!

Build Orders:  

Get SALT Encoding   

  12  0:00  SCV  
  13  0:12  SCV  
  14  0:17  Supply Depot  
  14  0:24  SCV  
  15  0:38  SCV  
  15  0:39  Barracks  
  16  0:42  Refinery  
  16  0:50  SCV  
  16  0:52  Refinery  
  17  1:02  SCV  
  18  1:14  SCV  
  19  1:26  Reaper  
  19  1:27  Orbital Command  
  19  1:30  Supply Depot  
  20  1:40  Factory  
  20  1:52  SCV  
  21  1:58  Reaper  
  22  2:04  SCV  
  23  2:15  Command Center  
  23  2:17  SCV  
  24  2:24  Hellion  
  27  2:30  SCV  
  26  2:39  Reaper  
  26  2:40  Supply Depot  
  26  2:42  SCV  
  28  2:45  Widow Mine  
  30  2:54  SCV  
  30  2:55  Starport  
  31  3:06  SCV  
  31  3:08  Factory Tech Lab  
  31  3:11  Barracks Reactor  
  32  3:18  SCV  
  33  3:24  Refinery  
  33  3:27  Cyclone  
  33  3:29  Orbital Command  
  33  3:30  SCV  
  33  3:31  Starport Tech Lab  
  37  3:42  SCV  
  37  3:47  Marine x2  
  40  3:54  Raven, SCV  
  40  3:55  SCV  
  44  4:06  SCV  
  44  4:07  SCV  
  44  4:08  Command Center  
  46  4:13  Siege Tank  
  49  4:17  Supply Depot  
  49  4:20  SCV  
  49  4:21  SCV  
  51  4:24  Supply Depot  
  51  4:32  SCV, Marine x2  
  54  4:38  Raven, SCV  
  54  4:44  SCV  
  54  4:45  Refinery  
  58  4:50  SCV  
  59  4:55  Siege Tank, Marine x2  
  59  4:57  SCV  
  59  4:58  Supply Depot  
  65  5:03  SCV  
  66  5:09  SCV  
  69  5:15  SCV  
  69  5:18  Supply Depot  
  69  5:20  Orbital Command  
  69  5:21  SCV  
  69  5:27  SCV, Siege Tank, Marine, Stimpack  
  74  5:32  Viking x2  
  74  5:34  SCV  
  79  5:39  SCV  
  80  5:45  Orbital Command, Marine  
  80  5:46  SCV  
  80  5:51  Barracks, SCV  
  80  5:53  Barracks  
  81  5:59  SCV  
  81  6:02  Siege Tank  
  81  6:03  SCV, Marine  
  87  6:07  Viking x2  
  87  6:11  SCV x2  
  93  6:15  SCV  
  93  6:17  Supply Depot x2  
  94  6:20  Engineering Bay x2  
  94  6:23  SCV x2, Marine  
  96  6:27  SCV  
  97  6:34  Siege Tank  
  97  6:35  SCV  
  97  6:37  SCV  
  97  6:38  Viking x2  
  97  6:39  SCV  
  106  6:41  Barracks Reactor x2  
  106  6:45  Barracks  
  106  6:47  Barracks, SCV  
  106  6:49  SCV  
  106  6:52  Missile Turret  
  108  6:54  Terran Infantry Armor Level 1, Terran Infantry Weapons Level 1  
  108  6:55  Missile Turret  
  108  6:59  SCV, Sensor Tower  
  109  7:02  Refinery x2  
  109  7:03  SCV  
  109  7:06  SCV  
  110  7:11  SCV  
  110  7:15  SCV  
  108  7:16  Viking x2  
  108  7:18  SCV  
  113  7:23  SCV  
  113  7:24  Combat Shield  
  113  7:27  SCV  
  113  7:29  Supply Depot x2  
  115  7:30  SCV  
  115  7:32  Marine  
  115  7:36  Marine x3, Barracks Reactor  
  117  7:37  Marine, SCV, Barracks Reactor  
  117  7:39  SCV  
  117  7:41  Supply Depot  
  117  7:42  SCV  
  122  7:48  Medivac  
  122  7:50  Marine  
  126  7:54  Medivac, Marine x3  
  126  7:55  Marine  
  126  7:58  Siege Tank  
  134  8:04  Supply Depot  
  134  8:08  SCV, Marine  
  134  8:09  Supply Depot  
  134  8:11  Command Center  
  134  8:12  Armory, Marine x2  
  138  8:13  Marine  
  138  8:17  Marine  
  140  8:21  Marine x2, Medivac  
  140  8:24  Supply Depot, Medivac  
  145  8:27  SCV x3, Supply Depot  
  145  8:28  Marine  
  145  8:29  Supply Depot  
  145  8:33  Marine x2  
  151  8:35  Marine x2  
  151  8:36  Marine  
  151  8:37  Siege Tank  
  158  8:43  Factory, Marine x2  
  158  8:46  Marine  
  158  8:53  Marine  
  158  8:54  Marine  
  158  8:55  Marine x2  
  159  8:59  Barracks Reactor, Marine  
  159  9:01  Marine x2  
  164  9:04  Marine  
  164  9:09  Siege Tank  
  151  9:11  Marine x2  
  151  9:13  Marine x2  
  151  9:14  Viking x2  
  151  9:17  Marine  
  148  9:18  Marine  
  148  9:19  Marine  
  148  9:20  SCV x3  
  148  9:22  Marine  
  141  9:29  Terran Infantry Armor Level 2, Terran Infantry Weapons Level 2, Marine x2  
  141  9:30  Terran Vehicle Weapons Level 1  
  141  9:31  Marine x2  
  138  9:34  Marine  
  138  9:35  SCV x3  
  138  9:36  Marine x3  
  138  9:37  Marine  
  148  9:40  Marine  
  148  9:41  Siege Tank  
  148  9:44  Siege Tank  
  155  9:47  SCV x2, Marine x2  
  155  9:48  SCV  
  155  9:49  Marine  
  154  9:54  Marine x2  
  154  9:56  Marine x2  
  154  9:57  Planetary Fortress  
  154  9:59  Marine  
  153  10:00  Marine  
  155  10:08  Marine x2  
  155  10:09  Marine x2  
  155  10:12  Marine x2  
  155  10:13  Medivac x2  
  155  10:14  Siege Tank  
  168  10:23  Marine x2  
  168  10:24  Refinery  
  168  10:25  Refinery, Starport x2  
  170  10:37  Marine x2  
  170  10:38  Command Center  
  170  10:39  Sensor Tower  
  172  10:43  Siege Tank  
  172  10:45  Marine x2  
  172  10:46  Marine x2  
  172  10:49  Marine x2  
  178  10:51  Marine x2  
  178  10:55  Siege Tank, Marine x2  
  181  11:14  Viking x2  
  181  11:15  Siege Tank, Starport Tech Lab x2  
  181  11:17  Marine x3  
  191  11:18  Marine  
  191  11:19  Marine  
  191  11:22  Marine x2  
  195  11:27  Siege Tank, Marine x2  
  200  11:34  Command Center  
  200  11:36  Command Center  
  200  12:00  Marine x2  
  195  12:02  Siege Tank  
  195  12:04  Marine  
  195  12:05  Marine  
  195  12:08  Viking  
  173  12:09  Viking, Siege Tank  
  173  12:10  Raven  
  173  12:11  Raven, Corvid Reactor, Marine x2  
  173  12:12  Terran Infantry Weapons Level 3, Marine  
  173  12:14  Marine x3  
  182  12:17  Terran Infantry Armor Level 3, Marine x2  
  182  12:22  Marine x2  
  184  12:29  Marine x3  
  188  12:32  Marine  
  188  12:34  Siege Tank  
  193  12:46  Command Center  
  193  12:47  Refinery  
  193  12:48  Refinery  
  193  12:49  Command Center  
  193  12:50  Terran Vehicle Weapons Level 2  
  193  12:53  Raven x2  
  193  12:56  Orbital Command  
  197  13:05  Starport  
  197  13:07  Starport  
  197  13:19  Planetary Fortress  
  197  13:21  Command Center  
  197  13:23  Refinery, Missile Turret  
  197  13:26  Refinery  
  197  13:29  Missile Turret  
  197  13:34  Planetary Fortress  
  197  13:36  Raven  
  197  13:41  Raven  
  196  13:43  Viking x2, Starport Reactor  
  196  13:45  Starport Tech Lab  
  199  13:52  Armory  
  197  14:16  Orbital Command x2  
  194  14:25  Command Center x2  
  194  14:29  Command Center  
  198  14:34  Orbital Command  
  198  14:36  Raven x3  
  195  14:48  Viking x3  
  195  14:49  Viking, Hi-Sec Auto Tracking  
  195  14:51  Terran Ship Weapons Level 1  
  200  14:54  Neosteel Armor  
  200  15:06  Terran Vehicle And Ship Armor Level 1  
  199  15:12  Command Center  
  199  15:13  Command Center  
  196  15:19  Raven x2  
  195  15:24  Viking x2  
  195  15:27  Raven  
  198  15:28  Viking  
  198  15:34  Viking  
  198  15:35  Sensor Tower  
  198  15:41  Orbital Command x2  
  198  15:44  Orbital Command  
  198  15:51  Command Center  
  198  15:54  Viking  
  199  16:06  Command Center  
  199  16:12  Command Center  
  199  16:15  Viking  
  199  16:17  Viking x2  
  198  16:27  Orbital Command x2  
  196  16:33  Viking x2  
  196  16:36  Starport  
  196  16:38  Viking x2, Starport  
  200  16:41  Starport  
  200  16:45  Viking  
  196  16:47  Viking x2  
  198  17:14  Raven x3  
  200  17:18  Marine  
  200  17:20  Marine  
  189  17:39  Siege Tank x2, Marine  
  189  17:40  Smart Servos  
  189  17:41  Marine  
  189  17:42  Starport Reactor, Starport Tech Lab x2  
  197  17:55  Marine x2  
  197  17:57  Raven x2  
  199  17:58  Raven  
  197  18:05  Orbital Command  
  197  18:06  Orbital Command  
  197  18:07  Orbital Command  
  197  18:21  Siege Tank  
  184  18:53  Command Center  
  187  18:59  Command Center  
Show
View Real Time Build Order
Export as new Build Order

Kelazhur Terran 

Build Orders:  

Get SALT Encoding   

  12  0:00  SCV  
  13  0:12  SCV  
  14  0:16  Supply Depot  
  14  0:24  SCV  
  15  0:38  SCV  
  15  0:39  Barracks  
  16  0:43  Refinery  
  16  0:50  SCV  
  16  0:52  Refinery  
  17  1:02  SCV  
  18  1:14  SCV  
  19  1:26  Orbital Command, Reaper  
  19  1:32  Supply Depot  
  20  1:42  Factory  
  20  1:54  SCV  
  20  1:58  Reaper  
  22  2:06  SCV  
  23  2:18  SCV  
  24  2:25  Command Center  
  24  2:33  SCV  
  24  2:36  Hellion, Barracks Reactor  
  25  2:45  SCV  
  25  2:47  Starport  
  26  2:57  SCV, Widow Mine  
  29  3:01  Supply Depot  
  29  3:09  SCV  
  29  3:12  Marine  
  30  3:19  Factory Tech Lab  
  31  3:22  Marine  
  31  3:23  Medivac  
  31  3:24  SCV  
  35  3:31  Marine  
  35  3:32  Refinery  
  36  3:36  Orbital Command  
  36  3:38  SCV  
  36  3:40  Marine  
  38  3:44  Cyclone  
  41  3:49  Marine  
  41  3:54  SCV  
  43  3:58  Marine  
  43  4:01  Starport Tech Lab  
  43  4:02  SCV  
  45  4:06  Marine  
  45  4:07  SCV  
  47  4:13  Supply Depot  
  47  4:14  SCV  
  48  4:19  SCV, Siege Tank  
  48  4:22  Raven  
  54  4:33  Supply Depot  
  54  4:34  Marine x2  
  54  4:35  SCV x2  
  58  4:47  SCV  
  58  4:51  SCV  
  58  4:52  Marine x2  
  62  4:55  Siege Tank  
  62  4:56  Supply Depot  
  62  4:59  SCV  
  66  5:05  SCV  
  67  5:08  Command Center  
  67  5:09  Raven  
  67  5:13  SCV  
  70  5:17  Marine x2  
  70  5:19  SCV  
  70  5:20  Supply Depot  
  73  5:26  SCV  
  73  5:27  Siege Tank  
  77  5:31  SCV  
  77  5:33  Supply Depot  
  78  5:41  Barracks, SCV  
  78  5:42  Barracks  
  79  5:43  SCV  
  79  5:49  Supply Depot  
  81  5:55  SCV  
  81  5:56  SCV  
  82  5:57  Refinery  
  82  6:00  Siege Tank  
  82  6:03  Viking x2  
  89  6:08  SCV  
  90  6:12  SCV, Stimpack  
  91  6:20  SCV  
  91  6:25  SCV  
  56  6:32  Orbital Command  
  92  6:33  Viking x2  
  92  6:39  Barracks Reactor x2  
  96  6:43  SCV x2  
  98  6:47  Engineering Bay  
  98  6:48  Engineering Bay  
  98  6:52  Siege Tank  
  98  6:53  Supply Depot  
  101  6:55  SCV x2  
  101  6:57  Orbital Command  
  103  7:05  Marine  
  103  7:07  SCV  
  105  7:12  Viking x2  
  105  7:16  SCV, Marine  
  105  7:17  Marine x3  
  105  7:20  Terran Infantry Armor Level 1, Terran Infantry Weapons Level 1  
  108  7:23  Marine  
  106  7:31  SCV  
  106  7:32  SCV x2  
  112  7:40  Command Center  
  112  7:44  SCV  
  110  7:46  Barracks, Supply Depot  
  110  7:48  SCV  
  110  7:49  SCV  
  110  7:50  Barracks, Factory Tech Lab  
  112  7:56  SCV, Sensor Tower  
  113  8:00  SCV  
  113  8:02  SCV  
  113  8:03  Medivac x2  
  113  8:04  Combat Shield  
  119  8:09  Refinery, SCV  
  119  8:10  Refinery, Siege Tank  
  123  8:13  SCV  
  123  8:14  SCV  
  123  8:18  Missile Turret  
  123  8:21  SCV, Missile Turret  
  123  8:23  Marine  
  123  8:24  Marine x4  
  123  8:25  SCV  
  123  8:26  SCV  
  131  8:30  Supply Depot x2  
  131  8:33  SCV  
  132  8:35  Supply Depot  
  132  8:37  SCV  
  132  8:38  SCV  
  133  8:42  Siege Tank  
  133  8:44  Marine  
  133  8:45  Barracks Reactor, Marine  
  133  8:47  Barracks Reactor  
  133  8:51  SCV x2, Marine x2, Planetary Fortress  
  133  8:52  SCV  
  133  8:54  Marine  
  139  9:02  Marine x2  
  138  9:03  SCV  
  138  9:05  Sensor Tower  
  138  9:09  Marine x2  
  129  9:11  SCV  
  129  9:12  Marine  
  129  9:15  Siege Tank  
  112  9:20  SCV, Marine x2  
  106  9:26  Marine x4  
  106  9:27  Marine x2  
  106  9:28  SCV  
  106  9:30  Viking x2, Refinery, Marine  
  118  9:31  Refinery  
  118  9:38  Marine x2  
  118  9:41  SCV  
  118  9:43  Marine  
  118  9:44  Marine  
  123  9:48  Marine x4  
  123  9:50  Siege Tank  
  130  9:56  Marine x2  
  126  10:00  Barracks  
  126  10:01  SCV, Marine  
  126  10:02  Barracks x2, Factory  
  126  10:03  Factory  
  129  10:07  SCV  
  129  10:10  Viking x2, Marine  
  129  10:11  Barracks Reactor, Marine x3  
  137  10:20  Marine x3  
  137  10:21  SCV, Marine  
  141  10:22  SCV x2  
  141  10:25  Siege Tank  
  147  10:28  Marine  
  147  10:29  Marine, Command Center  
  147  10:32  Command Center  
  149  10:37  Marine x2  
  149  10:38  Marine x3  
  149  10:41  Starport x2  
  154  10:46  Medivac x2  
  154  10:47  Siege Tank  
  161  10:52  Sensor Tower  
  160  10:58  Siege Tank, Armory  
  160  11:01  Armory  
  155  11:11  Marine x3  
  155  11:14  Factory Tech Lab  
  155  11:15  Barracks Reactor x2  
  158  11:19  Siege Tank  
  158  11:23  SCV x3  
  165  11:27  Liberator x2  
  165  11:28  Marine x3  
  165  11:29  Marine x2  
  172  11:34  Supply Depot  
  172  11:40  SCV, Marine x6  
  172  11:46  Terran Infantry Armor Level 2, Terran Infantry Weapons Level 2  
  179  11:49  Terran Ship Weapons Level 1, Terran Vehicle Weapons Level 1  
  179  11:52  Siege Tank  
  182  12:00  Siege Tank, Marine x3  
  172  12:03  Siege Tank  
  172  12:05  Marine  
  137  12:10  Viking  
  113  12:24  Viking  
  113  12:28  Siege Tank, Marine  
  113  12:29  Marine x6  
  125  12:32  Marine x2  
  127  12:43  Viking  
  129  12:44  Starport Tech Lab  
  129  12:45  Starport Tech Lab  
  129  12:46  SCV  
  129  12:47  SCV x2  
  132  12:53  Siege Tank  
  132  12:57  Planetary Fortress  
  135  12:59  SCV  
  135  13:01  SCV x2  
  135  13:02  Orbital Command  
  138  13:11  SCV  
  138  13:12  Raven x2  
  141  13:13  SCV, Sensor Tower  
  141  13:18  Viking x2  
  148  13:20  SCV  
  148  13:23  SCV  
  148  13:25  SCV  
  152  13:34  SCV  
  152  13:35  Siege Tank x2  
  152  13:36  Siege Tank  
  152  13:39  Supply Depot  
  161  13:42  Refinery, SCV, Command Center  
  161  13:43  Refinery  
  162  13:50  Viking x2  
  166  13:58  Raven  
  163  14:15  Siege Tank x2  
  169  14:21  Viking x2  
  173  14:28  Marine x3  
  173  14:29  Marine x5  
  181  14:33  Command Center  
  181  14:43  Marine  
  181  14:44  Marine  
  183  14:48  Siege Tank  
  183  14:49  Terran Infantry Weapons Level 3, Terran Infantry Armor Level 3  
  183  14:50  Marine x6  
  192  15:05  Siege Tank  
  195  15:18  Siege Tank  
  195  15:19  Raven  
  200  15:40  Sensor Tower  
  200  15:41  Terran Ship Weapons Level 2, Terran Vehicle Weapons Level 2  
  200  15:49  Refinery  
  200  15:58  Planetary Fortress  
  200  16:04  Missile Turret, Command Center  
  200  16:05  Refinery, Missile Turret  
  200  16:09  Command Center  
  197  16:15  Raven x2  
  198  16:30  Planetary Fortress  
  195  16:36  Viking  
  194  16:47  Starport  
  194  16:48  Starport  
  191  16:58  Viking x3  
  189  17:14  Viking  
  150  17:26  Hi-Sec Auto Tracking  
  150  17:28  Viking x2  
  150  17:29  Siege Tank  
  151  17:30  Siege Tank x2  
  151  17:33  Marine  
  151  17:34  Marine x10  
  151  17:35  Marine  
  151  17:36  Marine  
  139  17:38  Marine  
  120  17:45  Marine  
  120  17:49  SCV x2  
  120  17:59  SCV  
  120  18:02  Siege Tank  
  120  18:03  Viking x2, Raven  
  120  18:05  Raven  
  120  18:10  SCV  
  123  18:16  Siege Tank  
  126  18:22  Viking  
  126  18:23  Viking  
  113  18:41  Refinery x2  
  113  18:42  SCV x3  
  113  18:43  SCV  
  113  18:44  SCV  

Tags
 
Add a new tag
Caveats
  • Supply blocks, unpowered buildings, or Contaminate may cause inaccurate times.
  • Supply counts are checked every 10 seconds.